 Dungeon Crawl Stone Soup version 0.23.2-40-g277498a001 (webtiles) character file.

Game seed: 6172836503516748751

9762 H0rd4k the Eclecticist (level 11, -2/56 HPs)
             Began as a Deep Elf Wizard on Oct 1, 2019.
             Was an Elder of Sif Muna.
             Slain by a merfolk
             ... wielding a +0 spear
              (22 damage)
             ... on level 11 of the Dungeon.
             The game lasted 00:44:41 (15855 turns).

H0rd4k the Eclecticist (Deep Elf Wizard)           Turns: 15855, Time: 00:44:42

Health: -2/56      AC:  4    Str:  4    XL:     11   Next: 27%
Magic:  14/32      EV: 19    Int: 27    God:    Sif Muna [****..]
Gold:   558        SH:  0    Dex: 13    Spells: 25/40 levels left

rFire    . . .     SeeInvis .   o - staff of conjuration
rCold    + . .     Gourm    .   (no shield)
rNeg     . . .     Faith    .   a - +0 robe
rPois    .         Spirit   .   t - +1 helmet
rElec    .         Reflect  .   (no cloak)
rCorr    .         Harm     .   (no gloves)
MR       +....                  (no boots)
Stlth    ++........             (no amulet)
HPRegen  0.18/turn              y - ring of protection from cold
MPRegen  0.23/turn              q - +4 ring of evasion

@: very slow
A: no striking features
a: Divine Energy, Channel Magic, Forget Spell, Renounce Religion


You were on level 11 of the Dungeon.
You worshipped Sif Muna.
Sif Muna was greatly pleased with you.
You were very hungry.

You visited 1 branch of the dungeon, and saw 11 of its levels.

You collected 558 gold pieces.

Inventory:

Hand Weapons
 v - a +1 fustibalus
 F - a cursed -3 great sword
 H - a +1 scimitar of electrocution
 I - a +0 vampiric short sword
Missiles
 l - 3 tomahawks of dispersal
 L - 3 silver javelins (quivered)
Armour
 a - a +0 robe (worn)
 b - a +0 hat
 t - a +1 helmet (worn)
Magical Staves
 o - an uncursed staff of conjuration (weapon)
Jewellery
 k - a +2 ring of evasion
 p - a +4 ring of strength
 q - a +4 ring of evasion (right hand)
 y - a ring of protection from cold (left hand)
Wands
 x - a wand of clouds (4)
 E - a wand of iceblast (9)
 O - a wand of disintegration (16)
Scrolls
 c - 6 scrolls of teleportation
 e - 2 scrolls of enchant armour
 m - 3 scrolls of amnesia
 n - 2 scrolls of fog
 s - a scroll of magic mapping
 u - 6 scrolls of identify
 C - 2 scrolls of noise {unknown}
 D - a scroll of fear
 J - a scroll of enchant weapon
 M - 2 scrolls of immolation {unknown}
 N - a scroll of remove curse
Potions
 f - 6 potions of agility
 g - 6 potions of cancellation
 h - 2 potions of heal wounds
 i - 2 potions of invisibility
 j - 6 potions of degeneration
 r - a potion of ambrosia {unknown}
 w - a potion of mutation {unknown}
 z - a potion of berserk rage {unknown}
 A - a potion of flight {unknown}
 B - a potion of might {unknown}
 G - a potion of curing
 K - a potion of lignification {unknown}
 P - a potion of haste {unknown}
Miscellaneous
 Q - a lightning rod (4/4)
Comestibles
 d - 7 rations


   Skills:
 + Level 1.3 Fighting
 + Level 0.3 Throwing
 + Level 5.8 Dodging
 + Level 4.2 Stealth
 + Level 15.0 Spellcasting
 + Level 10.9 Conjurations
 + Level 1.0 Hexes
 * Level 4.3 Charms
   Level 1.1 Summonings
 + Level 2.7 Translocations
 + Level 4.3 Fire Magic
 * Level 3.0 Air Magic


You had 25 spell levels left.
You knew the following spells:

 Your Spells              Type           Power        Failure   Level  Hunger
a - Magic Dart            Conj           ####         1%          1    None
b - Blink                 Tloc           N/A          1%          2    None
c - Conjure Flame         Conj/Fire      #######.     1%          3    None
d - Inner Flame           Hex/Fire       ####....     2%          3    None
e - Deflect Missiles      Chrm/Air       #####.....   65%         6    ####...

Your spell library contained the following spells:

 Spells                   Type           Power        Failure   Level  Hunger
 Corona                   Hex            ####...      1%          1    None
 Poisonous Vapours        Pois/Air       ####..       1%          2    None
 Throw Frost              Conj/Ice       ######       1%          2    None
 Mephitic Cloud           Conj/Pois/Air  ######..     1%          3    None
 Static Discharge         Conj/Air       ######..     1%          3    None
 Call Imp                 Summ           ####....     2%          2    None
 Slow                     Hex            ####....     2%          2    None
 Portal Projectile        Hex/Tloc       ####..       3%          3    None
 Cause Fear               Hex            ####......   16%         4    None
 Leda's Liquefaction      Hex/Erth       ###.......   21%         4    None
 Bolt of Cold             Conj/Ice       ######....   38%         6    ####...


Dungeon Overview and Level Annotations

Branches:
Dungeon (11/15)            Temple (0/1) D:7            Lair (0/6) D:8
    Orc (0/2) D:9

Altars:
Ashenzari
Dithmenos
Fedhas
Gozag
Hepliaklqana
Nemelex Xobeh
Sif Muna
Trog
Wu Jian
Yredelemnul
Zin

Shops:
D:4 =   D:6 *   D:10 }

Annotations:
D:2 2 exclusions
D:5 3 runed translucent doors, Beldrama's ghost, amateur MfSu
D:6 exclusion: downstairs
D:8 2 transporters, exclusion: 2 upstairs, rlgrobin's ghost, novice NaFi
D:9 exclusion: upstairs
D:10 exclusions: downstairs, ugly thing and upstairs


Message History

Confirm with . or Enter, or press ? or * to list all spells.
You blink.
As you read the scroll of teleportation, it crumbles to dust.
You feel strangely unstable. The gnoll hits you but does no damage.
You feel much better. The gnoll closely misses you.
The bullfrog is engulfed in blazing flames.
The gnoll barely misses you.
Casting: Blink (safe; 1% risk of failure)
Confirm with . or Enter, or press ? or * to list all spells.
You blink.
Your surroundings suddenly seem different.
Splash!
You fall into the shallow water.
Moving in this stuff is going to be slow.
A merfolk comes into view. It is wielding a +0 spear.
The merfolk shouts!
The merfolk hits you with a +0 spear!
Found a throwing net, 2 rations and an electric eel corpse.
The merfolk hits you from afar with a +0 spear!!
You die...

#...####Y..........###
#.....g.Y.g###...###
#...####Y(## #.#.#
#g.(# #.## #..#.#
####...####.# #..#..+
#.!...#..######.# .##
#........##%(#†#. .##
#...../..g##m...+.
#.....[.gg##≈≈@≈# ####
#....)....####### #...
#.......g.#...#§# #.
#.........#.##gg# #
#...$.......##F## ##
#.........##z.Y# #)
#.........##.### #(
#.........##.# #.
#....)....#..# ##.


You could see a merfolk.

Vanquished Creatures
  A two-headed ogre (D:8)
  3 centaur skeletons
  A kobold demonologist (D:11)
  2 trolls (D:10)
  A hornet (D:10)
  Prince Ribbit (D:6)
  2 hippogriffs
  Grinder (D:3)
  Sigmund (D:3)
  8 yaks
  Eustachio (D:4)
  Menkaure (D:5)
  3 ice beasts
  2 sky beasts
  2 black bears (D:8)
  5 orc warriors
  9 ogres
  A phantom (D:4)
  A necrophage (D:11)
  2 centaurs
  A crocodile (D:6)
  2 big kobolds
  6 bullfrogs
  A wyvern skeleton (D:10)
  3 scorpions
  10 killer bees
  4 wights
  6 crimson imps
  3 hounds
  A quasit (D:10)
  4 bullfrog zombies
  A centaur zombie (D:5)
  2 bullfrog skeletons
  6 orc priests
  A jelly (D:8)
  11 orc wizards
  Ijyb (D:5)
  5 worker ants
  4 iguanas
  2 killer bee zombies
  A hound zombie (D:11)
  2 hound skeletons
  A howler monkey zombie (D:7)
  A worker ant zombie (D:6)
  4 gnolls (D:6)
  13 adders
  2 shadow imps
  An ooze (D:2)
  An adder skeleton (D:9)
  An adder zombie (D:9)
  A worm (D:4)
  3 dart slugs
  7 leopard geckos
  36 orcs
  7 bats
  4 giant cockroaches
  7 goblins
  7 hobgoblins
  6 jackals
  11 kobolds
  6 quokkas
  4 ball pythons
  5 frilled lizards
  A jackal zombie (D:5)
  8 rats
262 creatures vanquished.

Vanquished Creatures (others)
  6 fungi (D:8)
  3 plants (D:8)
9 creatures vanquished.

Grand Total: 271 creatures vanquished

Notes
Turn   | Place    | Note
-------+----------+-------------------------------------------
     0 | D:1      | H0rd4k the Deep Elf Wizard began the quest for the Orb.
     0 | D:1      | Reached XP level 1. HP: 10/10 MP: 7/7
   296 | D:1      | Reached XP level 2. HP: 15/15 MP: 7/9
   345 | D:1      | Reached skill level 5 in Spellcasting
   743 | D:2      | Found a bloodstained altar of Trog.
   822 | D:2      | Found a shadowy altar of Dithmenos.
   828 | D:2      | Reached XP level 3. HP: 19/19 MP: 2/11
   832 | D:2      | Learned a level 2 spell: Blink
   836 | D:2      | Learned a level 3 spell: Conjure Flame
   922 | D:2      | Found a basalt altar of Yredelemnul.
   925 | D:2      | Found a sparkling altar of Nemelex Xobeh.
  1151 | D:2      | Found a deep blue altar of Sif Muna.
  1264 | D:2      | Became a worshipper of Sif Muna the Loreminder
  1534 | D:2      | Found a glowing silver altar of Zin.
  1685 | D:2      | Reached skill level 6 in Spellcasting
  1685 | D:2      | Reached XP level 4. HP: 12/24 MP: 5/14
  2430 | D:3      | Reached XP level 5. HP: 25/28 MP: 6/16
  2462 | D:3      | Noticed Grinder
  2600 | D:3      | Noticed Sigmund
  3054 | D:4      | Found Qanennol's Jewellery Shop.
  3054 | D:4      | Noticed Eustachio
  3272 | D:4      | Reached skill level 7 in Spellcasting
  3400 | D:4      | Reached * piety under Sif Muna
  3660 | D:4      | Noticed a phantom
  3688 | D:4      | Killed a phantom
  3688 | D:4      | Reached XP level 6. HP: 32/32 MP: 3/18
  3895 | D:4      | Found a hazy altar of Hepliaklqana.
  4083 | D:5      | Entered Level 5 of the Dungeon
  4133 | D:5      | Noticed Menkaure
  4140 | D:5      | Killed Menkaure
  4140 | D:5      | Reached skill level 8 in Spellcasting
  4202 | D:5      | Noticed a sky beast
  4210 | D:5      | Killed a sky beast
  4210 | D:5      | Reached XP level 7. HP: 21/36 MP: 12/20
  4446 | D:5      | Found a runed translucent gate.
  4446 | D:5      | Found a runed translucent gate.
  4446 | D:5      | Found a runed translucent gate.
  4480 | D:5      | Reached skill level 5 in Conjurations
  4535 | D:5      | Found a hazy altar of Hepliaklqana.
  4670 | D:5      | Noticed Beldrama's ghost (amateur MfSu)
  4689 | D:5      | Noticed Ijyb
  4920 | D:5      | Killed Ijyb
  5117 | D:5      | Reached skill level 9 in Spellcasting
  5550 | D:6      | Reached skill level 1 in Fire Magic
  5725 | D:6      | Reached ** piety under Sif Muna
  5847 | D:6      | Reached XP level 8. HP: 42/42 MP: 15/23
  5877 | D:6      | Found an opulent altar of Gozag.
  5883 | D:6      | Found Gozag's Platinum Reserve.
  6222 | D:6      | Noticed Prince Ribbit
  6364 | D:6      | Reached skill level 10 in Spellcasting
  6812 | D:8      | Found an ornate altar of the Wu Jian Council.
  6959 | D:8      | Noticed a two-headed ogre
  7026 | D:10     | Entered Level 10 of the Dungeon
  7077 | D:10     | Learned a level 3 spell: Inner Flame
  7131 | D:10     | Noticed a hornet
  7132 | D:10     | HP: 2/42 [yak (6)]
  7318 | D:10     | Killed a hornet
  7318 | D:10     | Reached skill level 11 in Spellcasting
  7452 | D:10     | Reached *** piety under Sif Muna
  7619 | D:10     | Reached XP level 9. HP: 33/46 MP: 19/26
  8321 | D:10     | Found Vyilukh's Gadget Emporium.
  8611 | D:10     | Reached skill level 1 in Fighting
  8716 | D:10     | Reached skill level 12 in Spellcasting
  8841 | D:10     | Noticed a green ugly thing
  8953 | D:10     | Noticed a troll
  8969 | D:10     | Killed a troll
  8969 | D:10     | Reached skill level 5 in Dodging
  9356 | D:10     | Reached **** piety under Sif Muna
  9596 | D:9      | Reached skill level 13 in Spellcasting
  9596 | D:9      | Reached XP level 10. HP: 22/52 MP: 23/29
  9767 | D:9      | Found a blossoming altar of Fedhas.
 10220 | D:8      | Found a transporter.
 10878 | D:8      | Reached skill level 10 in Conjurations
 10918 | D:8      | Found a transporter.
 10918 | D:8      | Noticed rlgrobin's ghost (novice NaFi)
 11030 | D:8      | Found a staircase to the Lair.
 11626 | D:9      | Found a staircase to the Orcish Mines.
 11760 | D:8      | Killed a two-headed ogre
 11760 | D:8      | Reached ***** piety under Sif Muna
 11760 | D:8      | Identified Hiolenew's Catalogue of Freezing Feathers (Sif
                  | Muna gifted it to you on level 8 of the Dungeon)
 11760 | D:8      | Received a gift from Sif Muna
 11760 | D:8      | Reached skill level 14 in Spellcasting
 12031 | D:8      | Learned a level 6 spell: Deflect Missiles
 12191 | D:7      | Reached skill level 1 in Air Magic
 12191 | D:7      | Reached skill level 1 in Charms
 12433 | D:3      | Paralysed by Grinder for 5 turns
 12453 | D:3      | Killed Grinder
 12666 | D:3      | Killed Sigmund
 12995 | D:4      | Killed Eustachio
 13122 | D:6      | Killed Prince Ribbit
 13200 | D:7      | Found a staircase to the Ecumenical Temple.
 13411 | D:7      | Reached XP level 11. HP: 56/56 MP: 24/31
 13530 | D:7      | Found a shattered altar of Ashenzari.
 13617 | D:7      | Found a hazy altar of Hepliaklqana.
 14691 | D:10     | Reached skill level 1 in Hexes
 15648 | D:11     | Reached skill level 15 in Spellcasting
 15855 | D:11     | Slain by a merfolk

Skill      XL: |  1  2  3  4  5  6  7  8  9 10 11 |
---------------+----------------------------------+-----
Spellcasting   | 5 6 7 8 9 11 13 14 15 | 15.0
Dodging        | 3 4 5 |  5.8
Conjurations   | 2 4 5 7 9 10 | 10.9
Stealth        | 3 4 |  4.2
Fire Magic     | 1 2 3 4 |  4.3
Translocations | 2 |  2.7
Fighting       | 1 |  1.3
Air Magic      | 1 3 |  3.0
Charms         | 2 4 |  4.3
Hexes          | 1 |  1.0
Throwing       | |  0.3
Summonings     | |  1.1

Action                   |  1- 3 |  4- 6 |  7- 9 | 10-12 || total
-------------------------+-------+-------+-------+-------++-------
Melee: Staff             |       |       |       |     1 ||     1
Throw: Javelin           |       |       |       |     3 ||     3
 Cast: Magic Dart        |    97 |   156 |   377 |   507 ||  1137
       Conjure Flame     |       |     4 |    37 |    48 ||    89
       Blink             |       |     1 |     8 |    10 ||    19
       Inner Flame       |       |       |     1 |    15 ||    16
  Use: Scroll            |       |     8 |     7 |     2 ||    17
       Potion            |       |       |     2 |     1 ||     3
  Eat: Chunk             |     2 |     7 |    10 |    11 ||    30
       Ration            |       |       |     2 |     2 ||     4
Armor: Robe              |     1 |     2 |    19 |    16 ||    38
Dodge: Dodged            |    19 |    33 |   127 |   136 ||   315
